 Dungeon Crawl Stone Soup version 0.21-a0-91-ga5031da (webtiles) character file.

44 Lavandula the Bolt Thrower (level 3, -1/26 HPs)
             Began as a Mummy Arcane Marksman on June 30, 2017.
             Slain by a worker ant (2 damage)
             ... on level 3 of the Dungeon.
             The game lasted 00:04:57 (742 turns).

Lavandula the Bolt Thrower (Mummy Arcane Marksman)   Turns: 742, Time: 00:04:57

Health: -1/26      AC:  6    Str: 13    XL:     3   Next: 41%
Magic:  5/5        EV: 11    Int: 12    God:
Gold:   38         SH:  0    Dex: 13    Spells: 1/4 levels left

rFire    x . .     SeeInvis .   a - +0 hand crossbow
rCold    + . .     Gourm    .   (no shield)
rNeg     + + +     Faith    .   t - +0 leather armour
rPois    ∞         Spirit   .   (no helmet)
rElec    .         Reflect  .   (no cloak)
rCorr    .         Harm     .   (no gloves)
MR       .....                  m - +2 pair of boots
Stlth    +.........             (no amulet)
HPRegen  0.08/turn              (no ring)
MPRegen  0.09/turn              (no ring)

@: no status effects
A: no food or potions, fire vulnerability, cold resistance 1, negative energy
resistance 3, torment resistance, unbreathing
a: no special abilities


You were on level 3 of the Dungeon.
You were not hungry.

You visited 1 branch of the dungeon, and saw 3 of its levels.

You collected 38 gold pieces.

Inventory:

Hand Weapons
 a - a +0 hand crossbow (weapon)
 b - a +0 dagger
 f - a +0 short sword
 j - a +0 hunting sling
 n - a +0 long sword
 o - a +0 short sword of venom
 r - a +0 war axe
Missiles
 d - 47 bolts (quivered)
Armour
 e - a +0 robe
 m - a +2 pair of boots (worn)
 t - a +0 leather armour (worn)
 u - a +0 ring mail
Jewellery
 k - an uncursed amulet of harm {unknown}
 p - a +3 amulet of reflection {unknown}
Wands
 l - a wand of flame (39/48)
 s - a wand of enslavement (7/24)
Scrolls
 g - 2 scrolls of identify {unknown}
 h - a scroll of magic mapping {unknown}
 i - a scroll of enchant weapon {unknown}
 q - a scroll of noise {unknown}
Books
 c - a book of Debilitation

   Spells                             Type                      Level
   a - Corona                         Hexes                        1
   b - Slow                           Hexes                        2
   c - Inner Flame                    Hexes/Fire                   3
   d - Portal Projectile              Hexes/Translocation          3
   e - Cause Fear                     Hexes                        4
   f - Leda's Liquefaction            Hexes/Earth                  4


   Skills:
 - Level 1.0 Fighting
 + Level 3.2 Crossbows
 - Level 1.5 Dodging
 - Level 1.3 Spellcasting
 - Level 2.6 Hexes


You had one spell level left.
You knew the following spells:

 Your Spells              Type           Power        Failure   Level  Hunger
a - Corona                Hex            #......      12%         1    N/A
b - Slow                  Hex            #.......     19%         2    N/A

Dungeon Overview and Level Annotations

Branches:
Dungeon (3/15)

Altars:
Fedhas


Innate Abilities, Weirdness & Mutations

You do not eat or drink.
Your flesh is vulnerable to fire.
You are immune to poison.
Your flesh is cold resistant. (rC+)
You are immune to negative energy. (rN+++)
You are immune to unholy pain and torment.
You can survive without breathing.


Message History

Firing (i - inventory):
d - 49 bolts (quivered)
Press: ? - help, Shift-Dir - straight line, f/p - worker ant
Aim: a worker ant (heavily wounded)
You shoot a bolt.
The bolt hits the worker ant but does no damage.
The worker ant is heavily wounded.
The bat hits you but does no damage. The giant cockroach closely misses you.
The worker ant closely misses you. The giant cockroach closely misses you.
Firing (i - inventory):
d - 48 bolts (quivered)
Press: ? - help, Shift-Dir - straight line, f/p - worker ant
Aim: a worker ant (heavily wounded)
You shoot a bolt.
The bolt hits the worker ant but does no damage.
The worker ant is heavily wounded.
The bat closely misses you. The worker ant bites you.
* * * LOW HITPOINT WARNING * * *
The giant cockroach bites you.
* * * LOW HITPOINT WARNING * * *
The worker ant bites you.
You die...

.......<[...... ..
.....###.......... ..
.................. ..
≈................#......
.......................
#.(...................
#..b........%.........
..#.....................
(.....a@s...............
.###.............#......
[.....#....†....##.....†
....?...######.###..####
.....#### #......##
..### #......# #
#......# #......#
#......#


You could see a worker ant, a giant cockroach and a bat.

Vanquished Creatures
  An adder (D:3)
  3 dart slugs
  3 leopard geckos
  7 bats
  2 goblins
  A hobgoblin (D:2)
  4 frilled lizards
  4 kobolds
  4 rats
29 creatures vanquished.

Notes
Turn   | Place    | Note
-------+----------+-------------------------------------------
     0 | D:1      | Lavandula the Mummy Arcane Marksman began the quest for the Orb.
     0 | D:1      | Reached XP level 1. HP: 15/15 MP: 2/2
    57 | D:1      | Reached skill level 2 in Crossbows
   152 | D:1      | Reached XP level 2. HP: 21/21 MP: 2/4
   156 | D:1      | Learned a level 2 spell: Slow
   249 | D:2      | Found a blossoming altar of Fedhas.
   472 | D:2      | Found a blossoming altar of Fedhas.
   527 | D:2      | Reached XP level 3. HP: 19/26 MP: 2/5
   647 | D:3      | Reached skill level 3 in Crossbows
   742 | D:3      | HP: 1/26 [giant cockroach (1)]
   742 | D:3      | Slain by a worker ant

Vault maps used:
D:1:      lightli_arrival_farm
D:2:      nicolae_overflow_crystal_walls, fedhas_altar_1
D:3:      chequers_big_river, grunt_qazlal_clouds

Skill      XL: |  1  2  3 |
---------------+----------+-----
Crossbows      | 2 3 |  3.2
Fighting       | |  1.0
Dodging        | |  1.5
Spellcasting   | |  1.3
Hexes          | |  2.6

Action                   || total
-------------------------++-------
Melee: Dagger            ||     5
       Short sword       ||    14
       Long sword        ||     1
 Fire: Hand crossbow     ||    56
 Cast: Corona            ||    13
Armor: Robe              ||    18
       Leather armour    ||    14
Dodge: Dodged            ||    47
